 Dungeon Crawl Stone Soup version 0.22.1-1-ga44c0e5 (webtiles) character file.

45954 gbos the Geomancer (level 14, -11/68 HPs)
             Began as a Gargoyle Earth Elementalist on Oct 26, 2018.
             Was a High Priest of Kikubaaqudgha.
             Mangled by Rupert
             ... wielding a +4 battleaxe of freezing
              (27 damage)
             ... on level 13 of the Dungeon.
             The game lasted 01:03:26 (20946 turns).

gbos the Geomancer (Gargoyle Earth Elementalist)   Turns: 20946, Time: 01:03:27

Health: -11/68     AC: 19    Str: 13    XL:     14   Next: 35%
Magic:  21/28      EV: 16    Int: 24    God:    Kikubaaqudgha [*****.]
Gold:   923        SH:  8    Dex: 14    Spells: 14/34 levels left

rFire    + + .     SeeInvis .   x - +9 hand axe "Vesi" {speed, Int+4 Dex+4}
rCold    . . .     Gourm    .   K - +2 buckler
rNeg     + . .     Faith    .   M - +1 leather armour {rF+}
rPois    ∞         Spirit   .   W - +2 helmet
rElec    +         Reflect  .   (no cloak)
rCorr    .         Harm     .   Q - +0 pair of gloves
MR       ++...                  (no boots)
Stlth    ++........             (no amulet)
HPRegen  0.21/turn              m - ring of protection from fire
MPRegen  0.21/turn              T - ring of protection from magic

@: no status effects
A: big wings, negative energy resistance 1, electricity resistance, unbreathing,
petrification resistance, rot immunity, AC +10
a: Fly, Receive Corpses, Torment, Renounce Religion


You were on level 13 of the Dungeon.
You worshipped Kikubaaqudgha.
Kikubaaqudgha was extremely pleased with you.
You were not hungry.

You visited 4 branches of the dungeon, and saw 21 of its levels.

You collected 1166 gold pieces.
You spent 243 gold pieces at shops.

Inventory:

Hand Weapons
 i - a +0 club
 n - a +0 dagger
 p - a +0 whip
 w - the +9 long sword of Glory {slice, Int+4}
   (You found it on level 12 of the Dungeon)

   It inflicts extra damage upon your enemies.
   It affects your intelligence (+4).
 x - the +9 hand axe "Vesi" (weapon) {speed, Int+4 Dex+4}
   (You found it on level 5 of the Dungeon)

   Attacks with this weapon are significantly faster.
   It affects your intelligence (+4).
   It affects your dexterity (+4).
 D - a +4 hand axe of freezing
 F - a cursed +0 dagger of draining
 I - a +2 broad axe of flaming
 J - a +1 dagger of electrocution
 N - a +1 dagger of distortion
 R - the +5 flail of Wuumazail {vamp, Dex+5}
   (You found it on level 10 of the Dungeon)

   It inflicts no extra harm, but heals its wielder when it wounds a living foe.
   It affects your dexterity (+5).
Missiles
 b - 134 stones (quivered)
Armour
 o - the +1 robe of Thoughtfulness {rPois Dex+2}
   (You bought it in a shop on level 12 of the Dungeon)

   It affects your dexterity (+2).
   It protects you from poison.
 K - a +2 buckler (worn)
 M - a +1 leather armour of fire resistance (worn)
 Q - a +0 pair of gloves (worn)
 S - a +3 leather armour
 W - a +2 helmet (worn)
 Z - a +2 robe of magic resistance
Magical Staves
 h - an uncursed staff of death
Jewellery
 c - an uncursed ring of magical power
 m - a ring of protection from fire (left hand)
 v - an uncursed amulet of harm
 T - a ring of protection from magic (right hand)
Wands
 s - a wand of clouds (4)
 B - a wand of random effects (45)
 O - a wand of disintegration (15)
 X - a wand of enslavement (29)
Scrolls
 a - 9 scrolls of remove curse
 g - 2 scrolls of enchant weapon
 k - 3 scrolls of identify
 l - 4 scrolls of teleportation
 t - 4 scrolls of enchant armour
 y - 2 scrolls of fog
 A - a scroll of fear
 G - a scroll of blinking
 H - a scroll of magic mapping
 U - 2 scrolls of amnesia
Potions
 e - 2 potions of lignification {unknown}
 f - 3 potions of berserk rage {unknown}
 j - 3 potions of might
 q - 3 potions of invisibility {unknown}
 r - a potion of agility {unknown}
 u - 3 potions of curing
 C - a potion of haste {unknown}
 P - 2 potions of mutation {unknown}
 V - a potion of flight {unknown}
 Y - a potion of magic {unknown}
Comestibles
 d - 30 rations
 z - 6 chunks of flesh


   Skills:
 - Level 7.9 Axes
 + Level 3.4 Armour
 + Level 8.1 Dodging
 - Level 2.1 Stealth
 + Level 7.7 Shields
 + Level 10.8 Spellcasting
 + Level 6.6 Conjurations
 - Level 8.8 Charms
 - Level 0.7 Transmutations
 + Level 13.7 Earth Magic


You had 14 spell levels left.
You knew the following spells:

 Your Spells              Type           Power        Failure   Level  Hunger
a - Sandblast             Erth           ######       1%          1    None
b - Passwall              Tmut/Erth      #####...     1%          2    None
c - Stone Arrow           Conj/Erth      ######       1%          3    None
d - Lee's Rapid Deconstr  Erth           ######....   1%          5    ####...
e - Summon Small Mammal   Summ           ##..         6%          1    None
f - Regeneration          Chrm/Necr      ####......   3%          3    None
g - Mephitic Cloud        Conj/Pois/Air  ###.....     8%          3    None
h - Corpse Rot            Necr           N/A          9%          2    None

Your spell library contained the following spells:

 Spells                   Type           Power        Failure   Level  Hunger
 Flame Tongue             Conj/Fire      ####.        1%          1    None
 Sting                    Conj/Pois      ####         1%          1    None
 Shroud of Golubria       Chrm/Tloc      ####......   1%          2    None
 Throw Flame              Conj/Fire      ####..       2%          2    None
 Petrify                  Tmut/Erth      #####...     3%          4    None
 Conjure Flame            Conj/Fire      ####....     4%          3    None
 Animate Skeleton         Necr           N/A          6%          1    None
 Apportation              Tloc           ##....       6%          1    None
 Confusing Touch          Hex            ##....       6%          1    None
 Pain                     Necr           ##..         6%          1    None
 Iskenderun's Battlesphe  Conj/Chrm      ######..     7%          5    ####...
 Blink                    Tloc           N/A          9%          2    None
 Poisonous Vapours        Pois/Air       ##....       9%          2    None
 Slow                     Hex            ##......     9%          2    None
 Bolt of Magma            Conj/Fire/Erth #####.....   10%         5    ####...
 Iron Shot                Conj/Erth      ######....   14%         6    #####..
 Force Lance              Conj/Tloc      ####....     16%         4    None
 Sticky Flame             Conj/Fire      ####....     16%         4    None
 Confuse                  Hex            ##......     19%         3    None
 Gell's Gravitas          Tloc           ##........   19%         3    None
 Inner Flame              Hex/Fire       ##......     19%         3    None
 Lesser Beckoning         Tloc           ##........   19%         3    None
 Portal Projectile        Hex/Tloc       ##....       19%         3    None
 Recall                   Summ/Tloc      N/A          19%         3    None
 Tukima's Dance           Hex            ##......     19%         3    None
 Excruciating Wounds      Chrm/Necr      ####......   26%         5    ####...
 Fireball                 Conj/Fire      ####......   38%         5    ####...
 Venom Bolt               Conj/Pois      ####......   38%         5    ####...
 Ice Form                 Ice/Tmut       ##......     45%         4    None
 Animate Dead             Necr           N/A          52%         4    None
 Olgreb's Toxic Radiance  Pois           ##......     52%         4    None
 Yara's Violent Unravell  Hex/Tmut       ##........   82%         5    ####...
 Dispel Undead            Necr           ##......     86%         5    ####...
 Metabolic Englaciation   Hex/Ice        ##........   86%         5    ####...
 Bolt of Cold             Conj/Ice       ####......   93%         6    #####..
 Orb of Destruction       Conj           #####.....   97%         7    #######
 Freezing Cloud           Conj/Ice/Air   ###.......   98%         6    #####..
 Death Channel            Necr           ##........   100%        6    #####..
 Dispersal                Tloc           ##........   100%        6    #####..
 Ozocubu's Refrigeration  Ice            ##........   100%        6    #####..
 Simulacrum               Ice/Necr       ##........   100%        6    #####..
 Malign Gateway           Summ/Tloc      ##........   100%        7    #######
 Ring of Flames           Chrm/Fire      ####......   100%        7    #######
 Spellforged Servitor     Conj/Summ      ####......   100%        7    #######
 Controlled Blink         Tloc           N/A          100%        8    #######
 Disjunction              Tloc           ##........   100%        8    #######


Dungeon Overview and Level Annotations

Branches:
Dungeon (13/15)            Temple (1/1) D:4            Lair (6/6) D:11
 Shoals (0/4) Lair:3        Snake (1/4) Lair:3        Slime (0/5) Lair:5
    Orc (0/2) D:11
 Vaults: D:13-14

Altars:
Elyvilon
Fedhas
Gozag
Hepliaklqana
Kikubaaqudgha
Makhleb
Nemelex Xobeh
Okawaru
Qazlal
Sif Muna
Trog
Uskayaw
Vehumet
Wu Jian
Xom
Yredelemnul
Zin
The Shining One

Shops:
D:10 :   D:12 *

Annotations:
D:5 Dowan
D:6 Eustachio
D:7 2 transporters, Zeloya's ghost, novice OgEE
D:13 Rupert
Lair:4 exclusion: 2 oklob plants


Innate Abilities, Weirdness & Mutations

You are resistant to torment.
Your stone body is resilient. (AC +10)
You are immune to poison.
Your large and strong wings let you fly indefinitely.
You resist negative energy. (rN+)
You are resistant to electric shocks. (rElec)
You can survive without breathing.
You are immune to petrification.
You are immune to rotting.


Message History

Rupert goes berserk!
Rupert is engulfed in noxious fumes. x2
Rupert rages.
Casting: Mephitic Cloud (safe; 8% risk of failure)
Confirm with . or Enter, or press ? or * to list all spells.
Aiming: Passwall (safe; 1% risk of failure)
Press: ? - help, Dir - move target cursor, p - Rupert A rock wall.
Rupert barely misses you.
You begin to meditate on the wall.
You continue meditating on the rock.
Rupert hits you with a battleaxe of freezing!!
Rupert freezes you!
You continue meditating on the rock.
Rupert hits you with a battleaxe of freezing!
* * * LOW HITPOINT WARNING * * *
Rupert freezes you.
* * * LOW HITPOINT WARNING * * *
Rupert hits you with a battleaxe of freezing!!
You die...
Kikubaaqudgha rasps: "You have failed me!
Welcome... oblivion!"

#.......[.....#
#...###..#..#.#####
#.................#
#..####.#...#.###.#
#<.# #.#...#.# #.#
#).# ##....#§# #.#
#..# #.#..#§# #.#
#..# #.#..#@# #@#
#..# . #@# #.# ...#
#.# #.# #.## #.#
#.. #.# ..# #.# #.#
..# #.# #.#


You could see Rupert (berserk).

Vanquished Creatures
  Snorg (D:10)
  A fire dragon (D:12)
  Josephine (D:11)
  3 hydras
  5 two-headed ogres
  3 death yaks (Lair:5)
  A shock serpent (Snake:1)
  Nergalle (D:11)
  9 slime creatures
  3 deep elf magi (D:12)
  An ugly thing (D:11)
  2 mana vipers
  2 manticores
  4 cyclopes
  3 black mambas
  Joseph (D:8)
  A naga mage (Snake:1)
  9 spiny frogs
  Psyche (D:8)
  2 gargoyles
  2 centaur skeletons
  A rime drake (Lair:5)
  7 komodo dragons
  A tengu conjurer (D:11)
  8 trolls
  Prince Ribbit (D:8)
  3 blink frogs (Lair:2)
  7 hippogriffs
  A vampire (D:11)
  A shadow (D:12)
  7 wraiths
  5 wyverns
  26 yaks
  6 basilisks
  3 hogs (D:7)
  Grum (D:10)
  4 hungry ghosts
  A human (D:7)
  5 nagas
  A vampire mosquito (D:12)
  10 water moccasins
  A porcupine (Lair:2)
  8 orc warriors
  An ice beast (D:8)
  6 phantoms
  2 black bears
  A hornet zombie (D:10)
  4 sky beasts
  2 ogres
  5 centaurs
  10 wolves
  8 crocodiles
  A big kobold (D:12)
  20 bullfrogs
  3 scorpions
  A vampire bat (Lair:5)
  12 wights
  An electric eel (Lair:4)
  5 howler monkeys
  A crimson imp (D:5)
  5 centaur zombies
  9 hounds
  A quasit (D:12)
  4 orc priests
  A bullfrog skeleton (D:8)
  7 jellies
  6 orc wizards
  2 iguanas
  6 worker ants
  A hound skeleton (D:10)
  3 worker ant zombies
  A howler monkey skeleton (D:6)
  7 gnolls
  18 adders
  4 shadow imps
  4 oozes
  An adder skeleton (D:8)
  A dart slug (D:1)
  8 leopard geckos
  23 orcs
  2 ball pythons
  2 giant cockroaches (D:1)
  5 goblins
  5 hobgoblins
  12 jackals
  11 kobolds
  3 quokkas
  15 bats
  3 frilled lizards
  2 jackal skeletons
  A quokka skeleton (D:7)
  3 rats
  2 fungi
  A plant (D:12)
426 creatures vanquished.

Vanquished Creatures (others)
  A plant (D:12)
1 creature vanquished.

Grand Total: 427 creatures vanquished

Notes
Turn   | Place    | Note
-------+----------+-------------------------------------------
     0 | D:1      | gbos the Gargoyle Earth Elementalist began the quest for
                  | the Orb.
     0 | D:1      | Reached XP level 1. HP: 10/10 MP: 3/3
   496 | D:1      | Reached XP level 2. HP: 15/15 MP: 5/5
   525 | D:1      | Reached skill level 4 in Earth Magic
   957 | D:1      | Reached XP level 3. HP: 8/19 MP: 3/6
  1277 | D:2      | Found a sparkling altar of Nemelex Xobeh.
  1466 | D:2      | Reached XP level 4. HP: 24/24 MP: 6/8
  1620 | D:2      | Reached skill level 5 in Earth Magic
  1709 | D:2      | Reached XP level 5. HP: 17/28 MP: 0/10
  1880 | D:2      | Learned a level 2 spell: Passwall
  1884 | D:2      | Learned a level 3 spell: Stone Arrow
  2584 | D:3      | Found a hazy altar of Hepliaklqana.
  2725 | D:3      | Reached skill level 6 in Earth Magic
  2725 | D:3      | Reached XP level 6. HP: 32/32 MP: 9/12
  2938 | D:3      | You fall through a shaft!
  3007 | D:4      | Found a deep blue altar of Sif Muna.
  3254 | D:4      | Found a sparkling altar of Nemelex Xobeh.
  3539 | D:4      | Found a basalt altar of Yredelemnul.
  3894 | D:4      | Found a staircase to the Ecumenical Temple.
  3967 | Temple   | Entered the Ecumenical Temple
  3976 | Temple   | Became a worshipper of Kikubaaqudgha
  4043 | D:5      | Entered Level 5 of the Dungeon
  4069 | D:5      | Reached skill level 5 in Spellcasting
  4069 | D:5      | Reached skill level 7 in Earth Magic
  4069 | D:5      | Reached XP level 7. HP: 17/36 MP: 10/14
  4282 | D:5      | Got an ichor-stained hand axe
  4283 | D:5      | Identified the +9 hand axe "Vesi" {speed, Int+4 Dex+4} (You
                  | found it on level 5 of the Dungeon)
  4291 | D:5      | Found a shimmering altar of Xom.
  4474 | D:5      | Noticed a dagger
  4475 | D:5      | Found a hide-covered altar of Uskayaw.
  4475 | D:5      | Noticed a hand axe
  4498 | D:5      | Learned a level 5 spell: Lee's Rapid Deconstruction
  4532 | D:5      | Reached skill level 8 in Earth Magic
  4725 | D:5      | Noticed Dowan
  4733 | D:5      | Reached XP level 8. HP: 41/41 MP: 15/17
  4830 | D:5      | Found a stormy altar of Qazlal.
  4830 | D:5      | Found an ornate altar of the Wu Jian Council.
  4855 | D:5      | Found a glowing golden altar of the Shining One.
  5286 | D:6      | Reached skill level 9 in Earth Magic
  5293 | D:6      | Learned a level 1 spell: Summon Small Mammal
  5651 | D:6      | Reached * piety under Kikubaaqudgha
  5651 | D:6      | Identified Kikubaaqudgha's Reference Book on Black Rituals
                  | (Kikubaaqudgha gifted it to you on level 6 of the Dungeon)
  5651 | D:6      | Received a gift from Kikubaaqudgha
  5660 | D:6      | Learned a level 3 spell: Regeneration
  5792 | D:6      | Noticed Eustachio
  6232 | D:7      | Reached skill level 1 in Charms
  6368 | D:7      | Reached skill level 1 in Axes
  6368 | D:7      | Reached XP level 9. HP: 36/45 MP: 19/19
  6463 | D:7      | Found a bloodstained altar of Trog.
  6503 | D:7      | Found a white marble altar of Elyvilon.
  6738 | D:7      | Noticed Zeloya's ghost (novice OgEE)
  6739 | D:7      | Found a transporter.
  6743 | D:7      | Found a transporter.
  6833 | D:7      | Found a glowing silver altar of Zin.
  7247 | D:8      | Noticed Prince Ribbit
  7255 | D:8      | Killed Prince Ribbit
  7255 | D:8      | Reached skill level 10 in Earth Magic
  7271 | D:8      | Noticed Joseph
  7379 | D:8      | Killed Joseph
  7397 | D:8      | Reached XP level 10. HP: 26/50 MP: 14/21
  7712 | D:8      | Noticed Psyche
  7722 | D:8      | Killed Psyche
  7722 | D:8      | Reached skill level 5 in Charms
  8008 | D:8      | Reached ** piety under Kikubaaqudgha
  8029 | D:9      | Learned a level 3 spell: Mephitic Cloud
  8169 | D:9      | Found an iron altar of Okawaru.
  8189 | D:9      | Noticed a two-headed ogre
  8190 | D:9      | Noticed a two-headed ogre
  8218 | D:9      | Killed a two-headed ogre
  8220 | D:9      | Killed a two-headed ogre
  8220 | D:9      | Reached skill level 11 in Earth Magic
  8230 | D:9      | Reached skill level 5 in Dodging
  8322 | D:9      | Reached XP level 11. HP: 54/54 MP: 13/23
  8701 | D:10     | Entered Level 10 of the Dungeon
  8762 | D:10     | Noticed Snorg
  8769 | D:10     | Killed Snorg
  8769 | D:10     | Reached skill level 5 in Axes
  9076 | D:10     | Found an opulent altar of Gozag.
  9195 | D:10     | Got a pitted flail
  9196 | D:10     | Identified the +5 flail of Wuumazail {vamp, Dex+5} (You
                  | found it on level 10 of the Dungeon)
  9415 | D:10     | Found Ybovic's Book Shop.
  9431 | D:11     | Noticed Grum
  9554 | D:10     | Killed Grum
  9554 | D:10     | Reached skill level 1 in Shields
  9895 | D:11     | Noticed a cyclops
  9916 | D:11     | Found a staircase to the Lair.
  9920 | Lair:1   | Entered Level 1 of the Lair of Beasts
 10197 | Lair:1   | Reached *** piety under Kikubaaqudgha
 10197 | Lair:1   | Identified Kikubaaqudgha's Guide on Black Secrets
                  | (Kikubaaqudgha gifted it to you on level 1 of the Lair of
                  | Beasts)
 10197 | Lair:1   | Received a gift from Kikubaaqudgha
 10905 | Lair:1   | Reached skill level 12 in Earth Magic
 10905 | Lair:1   | Reached XP level 12. HP: 51/59 MP: 21/25
 12748 | Lair:3   | Found a staircase to the Snake Pit.
 12779 | Lair:3   | Reached **** piety under Kikubaaqudgha
 12784 | Lair:3   | Noticed a seven-headed hydra
 12795 | Lair:3   | Killed a seven-headed hydra
 12991 | Lair:3   | Found a staircase to the Shoals.
 13249 | Lair:3   | Reached skill level 5 in Shields
 14571 | Lair:5   | Identified Sif Muna's Incunabulum of Twisted Malediction
 14615 | Lair:5   | Reached skill level 1 in Conjurations
 14625 | Lair:5   | Reached skill level 10 in Spellcasting
 14662 | Lair:5   | Noticed a six-headed hydra
 14669 | Lair:5   | Killed a six-headed hydra
 14669 | Lair:5   | Reached XP level 13. HP: 34/63 MP: 15/27
 15175 | Lair:5   | Found a staircase to the Slime Pits.
 15645 | D:11     | Noticed Nergalle
 15699 | Snake:1  | Entered Level 1 of the Snake Pit
 15961 | Snake:1  | Reached skill level 13 in Earth Magic
 16095 | Lair:6   | Entered Level 6 of the Lair of Beasts
 16836 | D:11     | Killed Nergalle
 16836 | D:11     | Reached ***** piety under Kikubaaqudgha
 17251 | D:11     | Reached skill level 5 in Conjurations
 17343 | D:11     | Noticed Josephine
 17374 | D:11     | Killed Josephine
 18162 | D:11     | Found a staircase to the Orcish Mines.
 18419 | D:12     | Found Dusekeke's Assorted Antiques.
 18425 | D:12     | Bought a heavily jewelled robe for 159 gold pieces
 18425 | D:12     | Bought a potion of curing for 84 gold pieces
 18425 | D:12     | Identified the +1 robe of Thoughtfulness {rPois Dex+2} (You
                  | bought it in a shop on level 12 of the Dungeon)
 18648 | D:12     | Reached skill level 1 in Armour
 18719 | D:12     | Identified the Reference Book on Translocation
 18721 | D:12     | Got a steaming long sword
 18722 | D:12     | Identified the +9 long sword of Glory {slice, Int+4} (You
                  | found it on level 12 of the Dungeon)
 19014 | D:12     | Gained mutation: Your large and strong wings let you fly
                  | indefinitely. [Gargoyle growth]
 19014 | D:12     | Reached XP level 14. HP: 51/68 MP: 7/28
 20071 | D:11     | Learned a level 2 spell: Corpse Rot
 20928 | D:13     | Noticed Rupert
 20946 | D:13     | Mangled by Rupert

Skill      XL: |  1  2  3  4  5  6  7  8  9 10 11 12 13 14 |
---------------+-------------------------------------------+-----
Earth Magic    | 4 5 6 7 8 9 10 11 12 13 | 13.7
Spellcasting   | 3 4 5 6 7 8 9 10 | 10.8
Dodging        | 2 3 5 6 7 8 |  8.1
Charms         | 1 4 6 7 8 |  8.8
Axes           | 1 3 4 6 7 |  7.9
Shields        | 3 5 7 |  7.7
Conjurations   | 1 5 6 |  6.6
Armour         | 1 3 |  3.4
Stealth        | |  2.1
Transmutations | |  0.7

Action                   |  1- 3 |  4- 6 |  7- 9 | 10-12 | 13-15 || total
-------------------------+-------+-------+-------+-------+-------++-------
Melee: Club              |    55 |       |       |       |       ||    55
       Dagger            |       |    61 |       |       |       ||    61
       Whip              |       |   123 |    11 |       |       ||   134
       Hand axe          |       |       |   120 |   400 |   480 ||  1000
 Cast: Sandblast         |    17 |    53 |    78 |   186 |   126 ||   460
       Lee's Rapid Decon |       |       |     1 |    15 |    28 ||    44
       Summon Small Mamm |       |       |       |     3 |     4 ||     7
       Regeneration      |       |       |       |     4 |     5 ||     9
       Stone Arrow       |       |       |       |     6 |    36 ||    42
       Mephitic Cloud    |       |       |       |       |    36 ||    36
       Passwall          |       |       |       |       |     1 ||     1
Evoke: Wand              |       |       |       |     2 |       ||     2
  Use: Scroll            |       |     3 |     5 |     5 |    16 ||    29
       Potion            |       |       |     1 |     1 |     9 ||    11
 Stab: Sleeping          |       |     3 |     4 |     2 |     2 ||    11
       Distracted        |       |       |       |     2 |       ||     2
       Confused          |       |       |       |       |    18 ||    18
  Eat: Chunk             |     2 |     8 |    11 |    16 |    15 ||    52
       Ration            |       |       |       |     4 |     3 ||     7
Armor: Robe              |    24 |    66 |    46 |       |       ||   136
       Leather armour    |       |       |       |   171 |   156 ||   327
Dodge: Dodged            |    62 |   147 |    92 |   288 |   301 ||   890
Block: Buckler           |       |       |       |    80 |   169 ||   249
